 Dungeon Crawl Stone Soup version 0.28.0-43-g3370ac3207 (webtiles) character file.

Game seed: 2038645755199361869

84 Ablot the Grasshopper (level 4, -11/38 HPs)
             Began as a Gnoll Warper on Mar 3, 2022.
             Killed by divine providence
             ... invoked by an orc priest
              (12 damage)
             ... on level 3 of the Dungeon.
             The game lasted 00:02:29 (2552 turns).

Ablot the Grasshopper (Gnoll Warper)                Turns: 2552, Time: 00:02:30

Health: -11/38     AC:  5    Str: 13    XL:     4   Next: 46%
Magic:  11/11      EV: 12    Int: 12    God:
Gold:   123        SH:  0    Dex: 11    Spells: 11/13 levels left

rFire   . . .      SeeInvis .   a - +0 spear
rCold   . . .      Faith    .   (no shield)
rNeg    . . .      Spirit   .   b - +0 leather armour
rPois   .          Reflect  .   (no helmet)
rElec   .          Harm     .   (no cloak)
rCorr   .          Rampage  .   o - +0 pair of gloves
Will    .....                   h - +0 pair of boots
Stlth   +.........              r - amulet of regeneration
HPRegen 0.92/turn               q - ring of wizardry
MPRegen 0.12/turn               (no ring)

@: lethally poisoned (-11 -> -13)
A: fangs 1, strong nose, distributed training
a: no special abilities


You were on level 3 of the Dungeon.
You visited 1 branch of the dungeon, and saw 3 of its levels.

You collected 123 gold pieces.

Inventory:

Hand Weapons
 a - a +0 spear (weapon)
Missiles
 d - 5 boomerangs of dispersal (quivered)
 f - 41 stones
 n - 16 bolts
Armour
 b - a +0 leather armour (worn)
 h - a +0 pair of boots (worn)
 o - a +0 pair of gloves (worn)
Jewellery
 q - a ring of wizardry (left hand)
 r - an amulet of regeneration (around neck)
Scrolls
 c - 2 scrolls of blinking
 e - a scroll of enchant armour {unknown}
 g - 6 scrolls of identify {unknown}
 i - a scroll of brand weapon {unknown}
 t - a scroll of teleportation {unknown}
 u - a scroll of fog {unknown}
Potions
 j - 2 potions of curing {unknown}
 k - a potion of mutation {unknown}
 l - a potion of flight {unknown}
 m - a potion of haste {unknown}
 p - a potion of degeneration {unknown}
 s - a potion of brilliance {unknown}


   Skills:
 + Level 4.6 Fighting
 + Level 1.1 Short Blades
 + Level 1.1 Long Blades
 + Level 1.1 Axes
 + Level 1.1 Maces & Flails
 + Level 4.6 Polearms
 + Level 1.1 Staves
 + Level 1.1 Slings
 + Level 1.1 Bows
 + Level 1.1 Crossbows
 + Level 2.7 Throwing
 + Level 2.7 Armour
 + Level 4.6 Dodging
 + Level 1.1 Stealth
 + Level 1.1 Shields
 + Level 1.1 Unarmed Combat
 + Level 5.1 Spellcasting
 + Level 0.9 Conjurations
 + Level 0.9 Hexes
 + Level 0.9 Summonings
 + Level 0.9 Necromancy
 + Level 5.4 Translocations
 + Level 0.9 Transmutations
 + Level 0.9 Fire Magic
 + Level 0.9 Ice Magic
 + Level 0.9 Air Magic
 + Level 0.9 Earth Magic
 + Level 0.9 Poison Magic
 + Level 1.2 Invocations
 + Level 1.1 Evocations


You had 11 spell levels left.
You knew the following spells:

 Your Spells              Type           Power      Damage    Failure   Level
a - Blink                 Tloc           32%        N/A       1%          2

Your spell library contained the following spells:

 Spells                   Type           Power      Damage    Failure   Level
 Gell's Gravitas          Tloc           16%        N/A       3%          3
 Lesser Beckoning         Tloc           16%        N/A       3%          3
 Teleport Other           Tloc           16%        N/A       3%          3
 Manifold Assault         Tloc           16%        N/A       28%         5


Dungeon Overview and Level Annotations

Branches:
Dungeon (3/15)

Altars:

Shops:
D:1 *


Innate Abilities, Weirdness & Mutations

You have very sharp teeth.
Your uncanny sense of smell can sniff out nearby items.
Your experience applies equally to all skills.


Message History

Beogh smites you!
You hit the orc priest but do no damage.
The orc priest looks satisfied for a moment.
You hit the orc priest but do no damage.
Your bite misses the orc priest.
The orc priest hits you with a +1 dagger of venom.
You are poisoned.
You barely miss the orc priest.
You bite the orc priest, but do no damage.
You feel very sick. The orc priest barely misses you.
You hit the orc priest. Your bite misses the orc priest.
The orc priest is lightly wounded.
You feel sick.
An orc comes into view. It is wielding a +0 club.
The orc priest hits you but does no damage.
You are more poisoned.
You hit the orc priest.
The orc priest is lightly wounded.
You feel very sick.
The orc priest hits you with a +1 dagger of venom.
You are more poisoned.
You hit the orc priest. Your bite misses the orc priest.
The orc priest is moderately wounded.
You feel very sick.
An orc priest comes into view. It is wielding a +0 club.
The orc priest shouts!
You hit the orc.
The orc is moderately wounded.
You feel very sick.
You feel very sick.
You feel very sick.
The orc priest mumbles some strange prayers to Beogh against you.
Beogh smites you!
* * * LOW HITPOINT WARNING * * *
* * * LOW HITPOINT WARNING * * *
You feel sick.
The orc priest invokes the aid of Beogh against you.
Beogh smites you!
You die...

#.# #...##
#.# ##.##
#<####.######
#...........#
######.####.#
#...# #.#
#.### #.# #.#
#.# #.# #@#
#.# #.## #.#
####.o## #.#
#......# #.#
#.###.#o# #
#.###o. #.#
#... ## ...#
#.#


You could see an orc priest and 2 orcs.

Vanquished Creatures
  2 adders
  3 worms (D:2)
  A dart slug (D:2)
  8 bats
  6 endoplasms
  5 giant cockroaches
  3 hobgoblins
  8 jackals
  5 kobolds
  3 quokkas
  A ball python (D:1)
  2 frilled lizards
  3 rats (D:2)
50 creatures vanquished.

Notes
Turn   | Place    | Note
-------+----------+-------------------------------------------
     0 | D:1      | Ablot the Gnoll Warper began the quest for the Orb.
     0 | D:1      | Reached XP level 1. HP: 20/20 MP: 6/6
    75 | D:1      | Reached XP level 2. HP: 20/26 MP: 7/7
    78 | D:1      | Learned a level 2 spell: Blink
   607 | D:1      | Found Vugyl's General Store.
   990 | D:2      | Reached skill level 5 in Spellcasting
   990 | D:2      | Reached XP level 3. HP: 17/31 MP: 7/9
  1213 | D:2      | Reached skill level 1 in Invocations
  1658 | D:2      | Reached skill level 1 in Short Blades
  1658 | D:2      | Reached skill level 1 in Long Blades
  1658 | D:2      | Reached skill level 1 in Axes
  1658 | D:2      | Reached skill level 1 in Maces & Flails
  1658 | D:2      | Reached skill level 1 in Staves
  1658 | D:2      | Reached skill level 1 in Slings
  1658 | D:2      | Reached skill level 1 in Bows
  1658 | D:2      | Reached skill level 1 in Crossbows
  1658 | D:2      | Reached skill level 1 in Stealth
  1658 | D:2      | Reached skill level 1 in Shields
  1658 | D:2      | Reached skill level 1 in Unarmed Combat
  1658 | D:2      | Reached skill level 1 in Evocations
  1775 | D:2      | Found a faded altar of an unknown god.
  1904 | D:2      | Reached XP level 4. HP: 38/38 MP: 11/11
  2552 | D:3      | HP: 1/38 [poisoned by an orc priest]
  2552 | D:3      | Killed from afar by an orc priest

Illustrated notes

Levels and vault maps discovered:
D:1:      minmay_arrival_semitransparent, layout_loops_corners, serial_shops,
          shop
D:2:      layout_loops_cross, hellmonk_ecumenical_altar_lost_god,
          patterned_corridor
D:3:      layout_loops_ring, serial_shops, nicolae_diamond_shop,
          kennysheep_generic_room_5, uniq_crazy_yiuf_cottage

Skill      XL: |  1  2  3 |
---------------+----------+-----
Spellcasting   | 5 |  5.1
Invocations    | 1 |  1.2
Short Blades   | 1 |  1.1
Long Blades    | 1 |  1.1
Axes           | 1 |  1.1
Maces & Flails | 1 |  1.1
Staves         | 1 |  1.1
Slings         | 1 |  1.1
Bows           | 1 |  1.1
Crossbows      | 1 |  1.1
Stealth        | 1 |  1.1
Shields        | 1 |  1.1
Unarmed Combat | 1 |  1.1
Evocations     | 1 |  1.1
Fighting       | |  4.6
Polearms       | |  4.6
Throwing       | |  2.7
Armour         | |  2.7
Dodging        | |  4.6
Conjurations   | |  0.9
Hexes          | |  0.9
Summonings     | |  0.9
Necromancy     | |  0.9
Translocations | |  5.4
Transmutations | |  0.9
Fire Magic     | |  0.9
Ice Magic      | |  0.9
Air Magic      | |  0.9
Earth Magic    | |  0.9
Poison Magic   | |  0.9

Action                   |  1- 3 |  4- 6 || total
-------------------------+-------+-------++-------
Melee: Spear             |   143 |    67 ||   210
       Bite              |    10 |     6 ||    16
       Punch             |     1 |       ||     1
 Stab: Sleeping          |     1 |     4 ||     5
Armor: Leather armour    |    39 |    14 ||    53
Dodge: Dodged            |    75 |    22 ||    97
